 Dungeon Crawl Stone Soup version 0.24-a0-170-gd8427f5 (webtiles) character file.

Game seed: 13850444551106845669

144 Dfrag the Digger (level 5, -8/42 HPs)
             Began as a Deep Dwarf Earth Elementalist on Mar 9, 2019.
             Blown up by Ijyb (12 damage)
             ... with a wand of disintegration (10)
             ... on level 3 of the Dungeon.
             The game lasted 00:03:57 (2111 turns).

Dfrag the Digger (Deep Dwarf Earth Elementalist)    Turns: 2111, Time: 00:03:57

Health: -8/42      AC:  2    Str: 12    XL:     5   Next: 5%
Magic:  8/10       EV: 12    Int: 16    God:
Gold:   122        SH:  0    Dex: 13    Spells: 7/11 levels left

rFire    . . .     SeeInvis .   n - -1 hand axe (curse)
rCold    . . .     Gourm    .   (no shield)
rNeg     . . .     Faith    .   c - +0 robe
rPois    .         Spirit   .   (no helmet)
rElec    .         Reflect  .   (no cloak)
rCorr    .         Harm     .   (no gloves)
MR       .....                  (no boots)
Stlth    ++........             (no amulet)
HPRegen  0.00/turn              p - ring of wizardry
MPRegen  0.12/turn              (no ring)

@: non-regenerating
A: damage resistance, heal wounds, sense surroundings 1, no regeneration
a: Heal Wounds


You were on level 3 of the Dungeon.
You were very hungry.

You visited 1 branch of the dungeon, and saw 3 of its levels.

You collected 122 gold pieces.

Inventory:

Hand Weapons
 f - a +0 club
 n - a cursed -1 hand axe (weapon)
Missiles
 b - 44 stones (quivered)
Armour
 c - a +0 robe (worn)
Jewellery
 p - a ring of wizardry (left hand)
Scrolls
 a - 2 scrolls of enchant weapon {unknown}
 e - 5 scrolls of identify {unknown}
 i - a scroll of remove curse {unknown}
 j - a scroll of fog {unknown}
 k - a scroll of enchant armour {unknown}
 l - a scroll of fear {unknown}
 m - 3 scrolls of teleportation {unknown}
Potions
 g - 2 potions of degeneration {unknown}
 h - a potion of agility {unknown}
 o - a potion of lignification {unknown}
 q - 2 potions of brilliance {unknown}
Comestibles
 d - 7 rations


   Skills:
 - Level 2.1 Dodging
 - Level 2.4 Stealth
 + Level 3.6 Spellcasting
 + Level 0.7 Conjurations
   Level 0.8 Transmutations
 + Level 5.4 Earth Magic


You had 7 spell levels left.
You knew the following spells:

 Your Spells              Type           Power        Failure   Level  Hunger
a - Sandblast             Erth           ###...       1%          1    None
b - Stone Arrow           Conj/Erth      ##....       6%          3    ###....

Your spell library contained the following spells:

 Spells                   Type           Power        Failure   Level  Hunger
 Passwall                 Tmut/Erth      ##......     3%          2    ##.....
 Petrify                  Tmut/Erth      ##......     19%         4    ####...
 Lee's Rapid Deconstruct  Erth           ###.......   21%         5    ######.


Dungeon Overview and Level Annotations

Branches:
Dungeon (3/15)

Altars:

Annotations:
D:3 Ijyb


Innate Abilities, Weirdness & Mutations

You are resistant to damage.
You can heal yourself by infusing magical energy.
You passively map a small area around you.
You do not regenerate.


Message History

Ijyb zaps a wand.
You are blasted!
* * * LOW HITPOINT WARNING * * *
Casting: Sandblast (safe; 1% risk of failure)
Confirm with . or Enter, or press ? or * to list all spells.
Aiming: Sandblast (safe; 1% risk of failure)
Press: ? - help, Shift-Dir - straight line, f - Ijyb
Aim: Ijyb, wearing a +0 ring mail and carrying a wand of disintegration (11)
The blast of sand misses Ijyb.
b - 45 stones Ijyb zaps a wand.
You struggle to resist.
Unknown command.
Casting: Sandblast (safe; 1% risk of failure)
Confirm with . or Enter, or press ? or * to list all spells.
Aiming: Sandblast (safe; 1% risk of failure)
Press: ? - help, Shift-Dir - straight line, f/p - Ijyb
Aim: Ijyb, wearing a +0 ring mail and carrying a wand of disintegration (10)
The blast of sand hits Ijyb but does no damage.
b - 44 stones Ijyb zaps a wand.
You are blasted!
You die...

##.#.###.#...## *
#.#.# #.##.##
#.#.###[##.# *
#..........# *
##.†.)..##.#
#.)######.#######
#<....>....##%..##
#.#######.##.....##
* #.# ###..@....##,
####.# #....#....#
.....# #...###...#
* .##.#########g..
#...# *
.##.........#...
#...#
.##.#########...*
#...# * ....# #...
#...# .#..# #...#
#...# .#..# #...#
#...# *


You could see Ijyb.

Vanquished Creatures
  An orc wizard (D:3)
  A worker ant (D:2)
  An adder (D:2)
  An ooze (D:3)
  3 worms (D:2)
  A dart slug (D:1)
  3 leopard geckos
  5 orcs (D:3)
  4 bats
  4 giant cockroaches
  4 goblins
  6 hobgoblins
  9 kobolds
  2 quokkas (D:2)
  7 frilled lizards
  5 rats
57 creatures vanquished.

Notes
Turn   | Place    | Note
-------+----------+-------------------------------------------
     0 | D:1      | Dfrag the Deep Dwarf Earth Elementalist began the quest for
                  | the Orb.
     0 | D:1      | Reached XP level 1. HP: 15/15 MP: 3/3
   210 | D:1      | Reached XP level 2. HP: 22/22 MP: 0/5
   862 | D:2      | Reached XP level 3. HP: 15/28 MP: 2/7
   887 | D:2      | Learned a level 3 spell: Stone Arrow
   988 | D:2      | Found a faded altar of an unknown god.
  1168 | D:2      | Reached skill level 5 in Earth Magic
  1168 | D:2      | Reached XP level 4. HP: 23/36 MP: 0/8
  1671 | D:3      | Reached XP level 5. HP: 25/42 MP: 4/10
  2006 | D:3      | Noticed Ijyb
  2111 | D:3      | Blown up by Ijyb

Levels and vault maps discovered:
D:1:      tarquinn_simple_flora_water_b, layout_basic
D:2:      layout_basic, chequers_ecumenical_altar_simple_redux
D:3:      layout_loops_ring, first_ration, nrook_uturn, uniq_ijyb

Skill      XL: |  1  2  3 |
---------------+----------+-----
Spellcasting   | 2 3 |  3.6
Earth Magic    | 5 |  5.4
Dodging        | |  2.1
Stealth        | |  2.4
Conjurations   | |  0.7
Transmutations | |  0.8

Action                   |  1- 3 |  4- 6 || total
-------------------------+-------+-------++-------
Melee: Club              |    21 |    10 ||    31
       Hand axe          |       |     9 ||     9
 Cast: Sandblast         |    57 |    21 ||    78
       Stone Arrow       |       |     8 ||     8
 Abil: Heal Wounds       |     1 |       ||     1
  Eat: Chunk             |     1 |     3 ||     4
Armor: Robe              |     5 |     5 ||    10
Dodge: Dodged            |    21 |    16 ||    37

Table legend:
 A = Non-vault XP
 B = Vault XP
 C = Vault XP percentage of total XP
 D = Non-vault monster count
 E = Vault monster count
 F = Vault count percentage of total count
                 A         B        C        D         E       F
            +---------+---------+-------+---------+---------+-------
      Total |     206 |       0 |   0.0 |      57 |       0 |   0.0
            +---------+---------+-------+---------+---------+-------
        D:1 |      37 |       0 |   0.0 |      21 |       0 |   0.0
        D:2 |      91 |       0 |   0.0 |      21 |       0 |   0.0
        D:3 |      78 |       0 |   0.0 |      15 |       0 |   0.0
            +---------+---------+-------+---------+---------+-------
